 Dungeon Crawl Stone Soup version 0.14.0-20-g75a2fc2 (webtiles) character file.

125 Quh the Ruinous (level 3, 0/19 HPs)
             Began as a Deep Elf Conjurer on Apr 21, 2014.
             Killed from afar by Terence (11 damage)
             ... with a wand of flame
             ... on Level 2 of the Dungeon.
             The game lasted 00:08:36 (1437 turns).

Quh the Ruinous (Deep Elf Conjurer)                 Turns: 1437, Time: 00:08:36

HP   0/19        AC  4     Str  6      XL: 3   Next: 78%
MP   6/10        EV 13     Int 19      God:
Gold 66          SH  0     Dex 15      Spells:  1 memorised,  7 levels left

rFire  . . .     SeeInvis .     (no weapon)
rCold  . . .     Clarity  .     n - +2 robe
rNeg   . . .     Conserve .     (no shield)
rPois  .         rCorr    .     (no helmet)
rElec  .         rRot     .     (no cloak)
SustAb . .       Spirit   .     (no gloves)
rMut   .         Warding  .     (no boots)
Saprov . . .     Stasis   .     (no amulet)
MR     .....                    (no ring)
                                (no ring)

@: not resistant to hostile enchantments, fairly stealthy
A: no striking features
a: no special abilities


You were on level 2 of the Dungeon.
You were very hungry.

You visited 1 branch of the dungeon, and saw 2 of its levels.

You collected 66 gold pieces.

Inventory:

Armour
 n - a +2 robe (worn)
Comestibles
 b - 2 bread rations
 f - an apple
Scrolls
 g - 2 scrolls of amnesia {unknown}
 i - a scroll of enchant weapon II {unknown}
 j - a scroll of remove curse {unknown}
 m - 2 scrolls of identify {unknown}
Jewellery
 k - an uncursed amulet of guardian spirit {unknown}
Potions
 h - a potion of might {unknown}
 l - a potion of curing
 o - a potion of agility {unknown}
 p - a potion of invisibility {unknown}
Books
 c - a book of Conjurations

   Spells                             Type                      Level
   *Magic Dart                        Conjuration                  1
   Searing Ray                        Conjuration                  2
   Dazzling Spray                     Conjuration/Hexes            3
   Fulminant Prism                    Conjuration/Hexes            4
   Iskenderun's Mystic Blast          Conjuration                  4
   Iskenderun's Battlesphere          Conjuration/Charms           5


   Skills:
 - Level 2.4 Dodging
 - Level 2.4 Stealth
 - Level 3.0 Spellcasting
 * Level 6.0 Conjurations


You had 7 spell levels left.
You knew the following spells:

 Your Spells              Type           Power        Failure   Level  Hunger
a - Magic Dart            Conj           ####         1%          1    None


Dungeon Overview and Level Annotations

Branches:
Dungeon (2/15)

Altars:

Annotations:
D:2 Terence


Message History

Aiming: Magic Dart
Press: ? - help, Shift-Dir - straight line, f/p - Terence
Aim: Terence, wielding a trident, wearing a scale mail and carrying a wand of flame {zapped: 1} The magic dart hits Terence.
Casting: Magic Dart
Confirm with . or Enter, or press ? or * to list all spells.
Aiming: Magic Dart
Press: ? - help, Shift-Dir - straight line, f/p - Terence
Aim: Terence, wielding a trident, wearing a scale mail and carrying a wand of flame {zapped: 1} The magic dart hits Terence.
Terence zaps a wand.
The puff of flame hits you!
Casting: Magic Dart
Confirm with . or Enter, or press ? or * to list all spells.
Aiming: Magic Dart
Press: ? - help, Shift-Dir - straight line, f/p - Terence
Aim: Terence, wielding a trident, wearing a scale mail and carrying a wand of flame {zapped: 2} The magic dart hits Terence.
Terence is lightly wounded.
Terence zaps a wand.
The puff of flame hits you!
Ouch! That really hurt!
You die...

####.#....#.#######
.....######...# ##
###### #....#.# .#
#.#.##.# #@#
#.#.##.# ..#
#.#....# .. #
#...##.# .##.#
#####.######....#
#...#.#....@....#
#.#.#..........##
#.#...#.########
#.......# #####.###
#.# #.# #.# #^#


You could see Terence.

Vanquished Creatures
  2 adders (D:2)
  A worm (D:2)
  A giant gecko (D:1)
  3 bats
  7 goblins
  2 hobgoblins (D:2)
  6 kobolds
  2 quokkas (D:2)
  A ball python (D:1)
  2 giant cockroaches
  3 giant newts
  8 rats
38 creatures vanquished.

Notes
Turn   | Place    | Note
--------------------------------------------------------------
     0 | D:1      | Quh, the Deep Elf Conjurer, began the quest for the Orb.
     0 | D:1      | Reached XP level 1. HP: 10/10 MP: 5/5
   346 | D:1      | Reached XP level 2. HP: 15/15 MP: 6/8
   381 | D:1      | Reached skill level 5 in Conjurations
   688 | D:2      | Reached XP level 3. HP: 15/19 MP: 1/10
  1105 | D:2      | Reached skill level 6 in Conjurations
  1433 | D:2      | Noticed Terence
  1437 | D:2      | Killed from afar by Terence

Action                   || total
-------------------------++-------
Melee: Unarmed           ||     1
 Cast: Magic Dart        ||    81
  Use: Potion            ||     1
